 Dungeon Crawl Stone Soup version 0.27-a0-74-gebd156f8b4 (webtiles) character file.

Game seed: 9762040478350559394

1128 thedisplayname the Skirmisher (level 8, -2/73 HPs)
             Began as a Purple Draconian Fighter on Jan 11, 2021.
             Slain by an orc warrior
             ... wielding a +2 long sword of electrocution
              (19 damage)
             ... on level 6 of the Dungeon.
             The game lasted 00:09:50 (5640 turns).

thedisplayname the Skirmisher (DrFi)                Turns: 5640, Time: 00:09:51

Health: -2/73      AC:  6    Str: 21    XL:     8   Next: 13%
Magic:  8/8        EV: 11    Int:  9    God:
Gold:   424        SH: 14    Dex: 10    Spells: 7/7 levels left

rFire    . . .     SeeInvis .   a - +4 war axe
rCold    . . .     Faith    .   b - +4 kite shield
rNeg     . . .     Spirit   .   (armour unavailable)
rPois    .         Reflect  .   (helmet restricted)
rElec    .         Harm     .   (no cloak)
rCorr    .         Rampage  .   (no gloves)
Will     +....                  (no boots)
Stlth    +.........             g - amulet of the acrobat
HPRegen  0.22/turn              (no ring)
MPRegen  0.11/turn              (no ring)

@: mighty
A: breathe power, unfitting armour, cold-blooded, AC +6
a: Breathe Dispelling Energy


You were on level 6 of the Dungeon.
You visited 1 branch of the dungeon, and saw 6 of its levels.

You collected 424 gold pieces.

Inventory:

Hand Weapons
 a - a +4 war axe (weapon)
Armour
 b - a +4 kite shield (worn)
Jewellery
 e - an uncursed ring of see invisible
 f - an uncursed ring of flight {unknown}
 g - an amulet of the acrobat (around neck)
 j - a cursed ring of attention {unknown}
 k - a cursed ring of teleportation
Wands
 o - a wand of paralysis (13)
Scrolls
 d - 2 scrolls of amnesia {unknown}
 h - 3 scrolls of remove curse
 l - a scroll of enchant weapon
 n - 3 scrolls of teleportation
Potions
 i - a potion of degeneration


   Skills:
 * Level 7.3 Fighting
 + Level 4.5 Axes
 + Level 4.6 Dodging
 + Level 5.1 Shields
 + Level 2.0 Evocations


You had 7 spell levels left.
You didn't know any spells.
Your spell library contained the following spells:

 Spells                   Type           Power        Failure   Level
 Magic Dart               Conj           0%           82%         1
 Blink                    Tloc           N/A          91%         2
 Call Imp                 Summ           0%           91%         2
 Slow                     Hex            0%           91%         2
 Conjure Flame            Conj/Fire      0%           99%         3
 Mephitic Cloud           Conj/Pois/Air  0%           99%         3


Dungeon Overview and Level Annotations

Branches:
Dungeon (6/15)
 Temple: D:4-7

Altars:
Elyvilon
Okawaru


Innate Abilities, Weirdness & Mutations

You can breathe bolts of dispelling energy.
Your rich purple scales are hard. (AC +6)
You cannot fit into any form of body armour.
You are cold-blooded and may be slowed by cold attacks.


Message History

You hit the orc priest but do no damage.
The orc wizard mumbles some strange words.
The orc wizard blinks!
You block the orc warrior's attack.
The orc priest hits you with a +0 quarterstaff.
You hit the orc warrior but do no damage.
Your tail-slap misses the orc warrior.
The orc warrior is heavily wounded.
You slash the orc priest!
The orc warrior hits you with a +2 long sword of electrocution!
The orc priest looks encouraged for a moment.
The orc warrior hits you with a +2 long sword of electrocution!
* * * LOW HITPOINT WARNING * * *
You feel very mighty all of a sudden. You block the orc priest's attack.
The orc wizard hits you but does no damage.
You slice the orc priest!!
You kill the orc priest!
You barely miss the orc wizard. You slash the orc warrior!
The orc warrior hits you with a +2 long sword of electrocution!!
You die...

#...........
#.^.........
#...<.......
###........).
#........#...
##.##...#########
#..#..### #.....
###.#..## #.....
#o@o#.## #.....
#.)##..########.....
#..)o
...............
#...##
#########...... #...
###....( #..#
##....... ... .
#####..#..... ### #.
#.....##..... .
#.#####.###########


You could see an orc warrior and 2 orc wizards.

Vanquished Creatures
  Sigmund (D:4)
  An ice beast (D:5)
  A sky beast (D:5)
  A centaur (D:5)
  An ogre (D:4)
  A bullfrog (D:6)
  3 howler monkeys
  2 orc priests
  4 orc wizards
  2 iguanas (D:4)
  A worker ant (D:3)
  A hound skeleton (D:4)
  9 adders
  2 oozes
  5 worms
  2 dart slugs
  2 leopard geckos (D:2)
  8 orcs
  13 giant cockroaches
  9 hobgoblins
  10 jackals
  2 quokkas (D:3)
  3 ball pythons
  9 bats
  6 frilled lizards
  9 goblins
  4 kobolds
  A leopard gecko skeleton (D:4)
  9 rats
122 creatures vanquished.

Notes
Turn   | Place    | Note
-------+----------+-------------------------------------------
     0 | D:1      | thedisplayname the Draconian Fighter began the quest for
                  | the Orb.
     0 | D:1      | Reached XP level 1. HP: 19/19 MP: 1/1
   161 | D:1      | Reached XP level 2. HP: 12/26 MP: 2/2
  1130 | D:1      | You fall into a shaft and drop 1 floor!
  1412 | D:2      | Reached XP level 3. HP: 33/33 MP: 3/3
  1477 | D:1      | Reached skill level 4 in Fighting
  2011 | D:2      | Reached XP level 4. HP: 40/40 MP: 4/4
  2345 | D:2      | Reached XP level 5. HP: 47/47 MP: 5/5
  2734 | D:2      | Reached skill level 5 in Fighting
  2977 | D:3      | Found an iron altar of Okawaru.
  3062 | D:3      | Reached XP level 6. HP: 56/56 MP: 6/6
  4023 | D:4      | Reached skill level 6 in Fighting
  4170 | D:4      | Noticed Sigmund
  4188 | D:4      | Killed Sigmund
  4189 | D:4      | Your scales start taking on a rich purple colour.
  4189 | D:4      | Reached XP level 7. HP: 59/64 MP: 7/7
  4713 | D:5      | Entered Level 5 of the Dungeon
  4782 | D:5      | Reached skill level 1 in Evocations
  4969 | D:5      | Found a white marble altar of Elyvilon.
  5019 | D:5      | Reached skill level 7 in Fighting
  5037 | D:5      | You are sucked into a shaft and drop 1 floor!
  5197 | D:5      | Reached skill level 5 in Shields
  5200 | D:5      | Reached XP level 8. HP: 65/73 MP: 8/8
  5640 | D:6      | Slain by an orc warrior

Illustrated notes

Levels and vault maps discovered:
D:1:      dpeg_arrival_rhombus, layout_basic, roderic_lattice_a,
          serial_park_tiny_2
D:2:      minmay_roachtagon, layout_basic, minmay_joined_circles
D:3:      layout_basic, okawaru_ov_weapons_minmay
D:4:      layout_loops_corners, uniq_sigmund
D:5:      layout_loops_ring, serial_glass, glass_columns_a, glass_columns_a,
          elyvilon_altar_3
D:6:      layout_rooms, temple_pool_b, amethyst_killhole

Skill      XL: |  1  2  3  4  5  6  7  8 |
---------------+-------------------------+-----
Dodging        | 3 4 |  4.6
Fighting       | 4 5 6 7 |  7.3
Axes           | 3 4 |  4.5
Shields        | 4 5 |  5.1
Evocations     | 1 2 |  2.0

Action                   |  1- 3 |  4- 6 |  7- 9 || total
-------------------------+-------+-------+-------++-------
Melee: War axe           |   117 |   206 |    78 ||   401
       Tailslap          |     7 |    19 |     5 ||    31
 Abil: Breathe Dispellin |       |       |     1 ||     1
  Use: Scroll            |       |     3 |    14 ||    17
       Potion            |       |       |     3 ||     3
 Stab: Sleeping          |       |     1 |       ||     1
Armor: Skin              |    48 |    53 |     6 ||   107
Dodge: Dodged            |    52 |   106 |    25 ||   183
Block: Kite shield       |    64 |   108 |    41 ||   213

Table legend: (Time is in decaauts)
 A = Elapsed time spent in this place.
 B = Non-inter-level travel time spent in this place.
 C = Inter-level travel time spent in this place.
 D = Time resting spent in this place.
 E = Time spent auto-exploring this place.
 F = Levels seen in this place.
 G = Mean time per level.
                   A        B        C        D        E       F      G
               +--------+--------+--------+--------+--------+-----+--------+
         Total |   5801 |   5641 |    160 |    408 |   4196 |   6 |  966.8 |
       Dungeon |   5801 |   5641 |    160 |    408 |   4196 |   6 |  966.8 |
               +--------+--------+--------+--------+--------+-----+--------+

Top non-repeatable levels by time:
     D:2: 1545 daAuts
     D:1: 1410 daAuts
     D:4: 978 daAuts
     D:3: 931 daAuts
     D:5: 803 daAuts
     D:6: 131 daAuts
